cohdb
Replays
Latest Replays
All Replays
Popular Replays
Top Player Replays
Match Explorer
How It Works
Community
CoH3 Stats
Reddit
Sign in to upload your games and track your stats! →
Sign in with Steam
Match 45914565
Unlisted
Match 45914565
Overview
Messages
Build Orders
End
Construct Barracks
Engineer Squad
Selects Advanced Infantry Battlegroup
Riflemen Squad
Riflemen Squad
Selects Convert to Ranger Squad
Riflemen Squad
Infantry Support Center
Construct Medical Station
Convert to Ranger Squad
Selects Artillery Observers
Construct Weapon Support Center
Bazooka Squad
Strategist
Денис Снюс
Kanade
Iugum Barbarum
0
0
Comments
sign in to comment!
No comments posted yet!